 Dungeon Crawl Stone Soup version 0.32-a0-468-g38b2580584 (webtiles) character file.

Game seed: 3452638226076179896

1257 anacleto the Digger (level 8, 0/57 HPs)
             Began as a White Draconian Earth Elementalist on Feb 25, 2024.
             Was an Initiate of Sif Muna.
             Slain by a water moccasin (5 damage)
             ... on level 5 of the Dungeon.
             The game lasted 00:14:16 (5715 turns).

anacleto the Digger (DrEE)                          Turns: 5715, Time: 00:14:17

Health: 0/57       AC:  6    Str: 12    XL:     8   Next: 26%
Magic:  10/13      EV: 13    Int: 17    God:    Sif Muna [......]
Gold:   191        SH:  0    Dex: 11    Spells: 6/14 levels left

rFire   . . .        w - +8 war axe "Lumydua" {speed, rCorr}
rCold   + . .        (no shield)
rNeg    . . .        (body armour unavailable)
rPois   .            (helmet restricted)
rElec   .            (no cloak)
rCorr   +            (no gloves)
SInv    +            (no boots)
Will    .....        (no amulet)
Stlth   ++           k - ring of see invisible
HPRegen 0.29/turn    (no ring)
MPRegen 0.13/turn

%: no passive effects
@: lethally poisoned (0 -> -12), about to teleport
A: breathe frost, AC +6, unfitting armour, cold resistance 1, cold-blooded
a: Breathe Frost, Renounce Religion


You were on level 5 of the Dungeon.
You worshipped Sif Muna.
Sif Muna was noncommittal.
You visited 2 branches of the dungeon, and saw 7 of its levels.

You collected 261 gold pieces.
You spent 70 gold pieces at shops.

Inventory:

Hand Weapons
 w - the +8 war axe "Lumydua" (weapon) {speed, rCorr}
   (You found it on level 5 of the Dungeon)

   rCorr:     It protects you from acid and corrosion.
Jewellery
 k - a ring of see invisible (left hand)
Talismans
 j - a beast talisman
Wands
 r - a wand of roots (4)
 s - a wand of mindburst (13)
Scrolls
 d - a scroll of teleportation
 f - a scroll of blinking {unknown}
 g - 4 scrolls of noise {unknown}
 i - a scroll of identify
 o - 2 scrolls of enchant armour {unknown}
 q - 2 scrolls of immolation {unknown}
 t - a scroll of poison {unknown}
 u - a scroll of amnesia {unknown}
Potions
 a - a potion of magic
 b - a potion of berserk rage {unknown}
 c - 2 potions of lignification
 e - a potion of ambrosia {unknown}
 h - a potion of haste {unknown}
 l - a potion of brilliance {unknown}
 m - a potion of curing {unknown}
 n - a potion of enlightenment {unknown}
 v - a potion of might {unknown}


   Skills:
 + Level 0.0 Ranged Weapons
 + Level 3.9 Dodging
 + Level 4.0 Stealth
 + Level 3.8 Spellcasting
 * Level 5.1 Conjurations
 * Level 6.0 Earth Magic
 + Level 1.1 Invocations
 + Level 1.0 Evocations


You had 6 spell levels left.
You knew the following spells:

 Your Spells              Type           Power      Damage    Failure   Level
a - Sandblast             Erth           46%        2d11      1%          1
b - Stone Arrow           Conj/Erth      44%        3d9       4%          3
c - Brom's Barrelling Bo  Conj/Erth      22%        2d4       16%         4

Your spell library contained the following spells:

 Spells                   Type           Power      Damage    Failure   Level
 Magic Dart               Conj           80%        1d7       1%          1
 Searing Ray              Conj           40%        2d5       3%          2
 Passwall                 Erth           23%        N/A       4%          3
 Ensorcelled Hibernation  Hex/Ice        6%         N/A       24%         2
 Swiftness                Air            3%         N/A       43%         3
 Petrify                  Alch/Erth      13%        N/A       43%         4
 Fulminant Prism          Conj/Alch      5%         3d7       50%         4


Dungeon Overview and Level Annotations

Branches:
Dungeon (6/15)             Temple (1/1) D:4

Altars:
Ashenzari
Cheibriados
Dithmenos
Elyvilon
Fedhas
Gozag
Hepliaklqana
Nemelex Xobeh
Okawaru
Qazlal
Ru
Sif Muna
Uskayaw
Wu Jian
Xom
Yredelemnul
Zin
The Shining One

Shops:
D:4 (*?*

Portals:
Abyss: D:5

Annotations:
D:5 2 transporters, zeratav's ghost, novice MiFi


Innate Abilities, Weirdness & Mutations

You can breathe waves of freezing cold which knock back foes.
Your icy white scales are hard. (AC +6)
You cannot fit into any form of body armour.
Your flesh is cold resistant. (rC+)
You are cold-blooded and may be slowed by cold attacks.


Message History

Casting: Sandblast (safe; 1% risk of failure)
Confirm with . or Enter, or press ? or * to list all spells.
Aiming: Sandblast (safe; 1% risk of failure)
Press: ? - help, Shift-Dir - straight line, f - water moccasin
Aim: a water moccasin (moderately wounded, 72% to hit)
The blast of sand hits the water moccasin!
The water moccasin is heavily wounded.
You feel very sick. The water moccasin misses you. x2
The water moccasin bites you but does no damage.
Casting: Sandblast (safe; 1% risk of failure)
Confirm with . or Enter, or press ? or * to list all spells.
Aiming: Sandblast (safe; 1% risk of failure)
Press: ? - help, Shift-Dir - straight line, f/p - water moccasin
Aim: a water moccasin (heavily wounded, 72% to hit)
The blast of sand hits the water moccasin but does no damage.
The water moccasin is heavily wounded.
You feel very sick. The water moccasin bites you!
You are lethally poisoned!
The water moccasin poisons you!
The water moccasin bites you but does no damage.
As you read the scroll of teleportation, it crumbles to dust.
You feel strangely unstable.
You feel very sick. The water moccasin bites you.
* * * LOW HITPOINT WARNING * * *
Unknown command.
Okay, then.
Casting: Sandblast (safe; 1% risk of failure)
Confirm with . or Enter, or press ? or * to list all spells.
Aiming: Sandblast (safe; 1% risk of failure)
Press: ? - help, Shift-Dir - straight line, f/p - water moccasin
Aim: a water moccasin (heavily wounded, 72% to hit)
The blast of sand hits the water moccasin.
The water moccasin is heavily wounded.
* * * LOW HITPOINT WARNING * * *
You feel extremely sick. The water moccasin bites you.
You die...

#.##.# #..#
##.#....
#.##.#####..#
##.####
#........<.># ###
# #....######.# #
#.#..## #.# #
#.....# #.# #
#.....# #.#
#....S# #.#
#....@# ##.##
#.....####...#
##...........#
#...#####...#
###### ##..##
##### #.....
#...# #.....
#..## #.....
#######..#
##..###
#........########
#...###


You could see a water moccasin.

Vanquished Creatures
  Sigmund (D:3)
  Eustachio (D:3)
  Edmund (D:4)
  3 black bears
  An ice beast (D:5)
  An ogre (D:4)
  A phantom (D:5)
  2 hounds
  2 jellies
  Ijyb (D:4)
  2 iguanas
  Natasha (D:4)
  4 adders
  A white imp (D:6)
  2 ufetubi (D:5)
  4 ribbon worms
  2 dart slugs (D:2)
  An orc (D:6)
  3 bats
  4 endoplasms
  5 giant cockroaches (D:2)
  9 hobgoblins
  2 jackals
  2 quokkas
  3 ball pythons
  4 frilled lizards
  3 goblins
  2 kobolds
  3 rats
71 creatures vanquished.

Notes
Turn   | Place    | Note
-------+----------+-------------------------------------------
     0 | D:1      | anacleto the Draconian Earth Elementalist began the quest
                  | for the Orb.
     0 | D:1      | Reached XP level 1. HP: 14/14 MP: 3/3
   238 | D:1      | Found a faded altar of an unknown god.
   820 | D:2      | Reached XP level 2. HP: 20/20 MP: 0/5
  1335 | D:2      | Reached XP level 3. HP: 26/26 MP: 1/6
  1342 | D:2      | Learned a level 3 spell: Stone Arrow
  2473 | D:3      | Noticed Sigmund
  2479 | D:3      | Killed Sigmund
  2480 | D:3      | Reached skill level 4 in Earth Magic
  2480 | D:3      | Reached XP level 4. HP: 12/33 MP: 1/8
  2480 | D:3      | Reached XP level 5. HP: 14/38 MP: 1/9
  2828 | D:4      | Found Hymotat's Assorted Antiques.
  2828 | D:4      | Found Giar's Assorted Antiques.
  2842 | D:4      | Noticed Eustachio
  2843 | D:4      | Found Zumiraytz's Antique Weapon Boutique.
  2843 | D:4      | Found Wurch's Magic Scroll Boutique.
  2904 | D:4      | Learned a level 4 spell: Brom's Barrelling Boulder
  2911 | D:4      | Found a staircase to the Ecumenical Temple.
  2929 | D:4      | You fall into a shaft and drop 1 floor!
  2929 | D:5      | Entered Level 5 of the Dungeon
  3066 | D:4      | Reached XP level 6. HP: 37/45 MP: 5/10
  3117 | D:4      | Noticed Ijyb
  3130 | D:4      | Killed Ijyb
  3425 | Temple   | Entered the Ecumenical Temple
  3447 | Temple   | Became a worshipper of Sif Muna the Loreminder
  3536 | D:3      | Killed Eustachio
  3537 | D:3      | Reached skill level 5 in Earth Magic
  3537 | D:3      | Your scales start taking on an icy white colour.
  3537 | D:3      | Reached XP level 7. HP: 7/50 MP: 2/11
  3537 | D:3      | Gained mutation: Your flesh is cold resistant. (rC+) [White
                  | Draconian growth]
  3701 | D:4      | Bought a scroll labelled XIUNKI MOOLUFE for 21 gold pieces
  3701 | D:4      | Bought a scroll labelled SAETAIG SABIRY for 21 gold pieces
  3705 | D:4      | Bought a scroll of identify for 28 gold pieces
  3737 | D:4      | Found a hide-covered altar of Uskayaw.
  3737 | D:4      | Found a shimmering altar of Xom.
  3745 | D:4      | Found a snail-covered altar of Cheibriados.
  3745 | D:4      | Noticed Natasha
  3754 | D:4      | Killed Natasha
  3775 | D:4      | Found a faded altar of an unknown god.
  3777 | D:4      | Found a blossoming altar of Fedhas.
  3805 | D:4      | Noticed Edmund
  3819 | D:4      | Killed Edmund
  4494 | D:5      | Reached XP level 8. HP: 41/57 MP: 9/13
  4937 | D:5      | Reached skill level 5 in Conjurations
  4943 | D:5      | Noticed zeratav's ghost (novice MiFi)
  4947 | D:5      | Found a transporter.
  4952 | D:5      | Found a transporter.
  4955 | D:5      | Noticed a toenail golem
  4993 | D:5      | Found a one-way gate to the infinite horrors of the Abyss.
  5045 | D:5      | Identified the +8 war axe "Lumydua" {speed, rCorr}
  5347 | D:6      | Reached skill level 1 in Invocations
  5543 | D:6      | Reached skill level 6 in Earth Magic
  5543 | D:6      | Reached skill level 1 in Evocations
  5715 | D:5      | Slain by a water moccasin

Illustrated notes

Levels and vault maps discovered:
D:1:      psy_arrival_dodecagon, layout_basic, ebering_ecumenical_altar_hall
D:2:      layout_basic
D:3:      layout_loops_cross, kennysheep_another_room, uniq_sigmund
D:4:      layout_gridville, chequers_temple_overflow_minitemple,
          minmay_temple_entry_statues, minmay_shop_grid_forest, uniq_ijyb,
          uniq_edmund, uniq_natasha, uniq_eustachio
D:5:      layout_loops_ring, gammafunk_ghost_abyssal_escape
D:6:      layout_loops_ring, tgw_kikubaaqudgha, serial_shops,
          nicolae_shop_bloodbath_and_beyond, kennysheep_cross_room,
          uniq_prince_ribbit1
Temple:   eino_temple_water

Skill      XL: |  1  2  3  4  5  6  7  8 |
---------------+-------------------------+-----
Dodging        | 2 3 |  3.9
Stealth        | 2 3 4 |  4.0
Conjurations   | 3 4 5 |  5.1
Earth Magic    | 4 5 6 |  6.0
Spellcasting   | 3 |  3.8
Invocations    | 1 |  1.1
Evocations     | 1 |  1.0

Action                     |  1- 3 |  4- 6 |  7- 9 || total
---------------------------+-------+-------+-------++-------
  Melee: Dagger            |     7 |       |       ||     7
         Halberd           |       |    18 |    25 ||    43
         Tailslap          |       |     4 |     5 ||     9
         War axe           |       |       |     5 ||     5
   Cast: Sandblast         |    59 |    41 |    44 ||   144
         Stone Arrow       |       |       |     1 ||     1
Ability: Breathe Frost     |       |       |     2 ||     2
    Use: Scroll            |       |       |     4 ||     4
   Stab: Sleeping          |       |       |     1 ||     1
 Armour: Skin              |     8 |    51 |    64 ||   123
  Dodge: Dodged            |    12 |    39 |    80 ||   131

Table legend: (Time is in decaauts)
 A = Elapsed time spent in this place.
 B = Non-inter-level travel time spent in this place.
 C = Inter-level travel time spent in this place.
 D = Time resting spent in this place.
 E = Time spent auto-exploring this place.
 F = Levels seen in this place.
 G = Mean time per level.
                   A        B        C        D        E       F      G
               +--------+--------+--------+--------+--------+-----+--------+
         Total |   5814 |   5598 |    216 |   1295 |   3587 |   7 |  830.6 |
       Dungeon |   5777 |   5575 |    202 |   1295 |   3587 |   6 |  962.8 |
        Temple |     36 |     22 |     14 |      0 |      0 |   1 |   36.0 |
               +--------+--------+--------+--------+--------+-----+--------+

Top non-repeatable levels by time:
     D:5: 1366 daAuts
     D:3: 1328 daAuts
     D:2: 1003 daAuts
     D:4: 954 daAuts
     D:1: 745 daAuts
     D:6: 381 daAuts
  Temple: 36 daAuts
